 Dungeon Crawl Stone Soup version 0.25-a0-1133-g93ebf73 (webtiles) character file.

Game seed: 12386612196731703569, levelgen mode: deterministic

0 thirtiethelement the Skirmisher (level 1, -5/18 HPs)
             Began as a Demonspawn Abyssal Knight on May 23, 2020.
             Was a Follower of Lugonu.
             Slain by a flying skull (8 damage)
             ... on level 1 of the Abyss.
             The game lasted 00:01:25 (187 turns).

thirtiethelement the Skirmisher (DsAK)               Turns: 187, Time: 00:01:26

Health: -5/18      AC:  3    Str: 12    XL:     1   Next: 0%
Magic:  2/2        EV: 11    Int: 13    God:    Lugonu [*.....]
Gold:   6          SH:  0    Dex: 12    Spells: 0/0 levels left

rFire    x . .     SeeInvis .   a - +1 falchion
rCold    + . .     Gourm    .   (no shield)
rNeg     . . .     Faith    .   b - +0 leather armour
rPois    .         Spirit   .   (no helmet)
rElec    .         Reflect  .   (no cloak)
rCorr    .         Harm     .   (no gloves)
MR       .....                  (no boots)
Stlth    +.........             (no amulet)
HPRegen  0.06/turn              g - ring of ice (curse)
MPRegen  0.08/turn              (no ring)

@: no status effects
A: no striking features
a: Depart the Abyss, Renounce Religion


You were on level 1 of the Abyss.
You worshipped Lugonu.
Lugonu was aware of your devotion.
You were not hungry.

You visited 0 branches of the dungeon, and saw 0 of its levels.
You visited the Abyss 1 time.

You collected 6 gold pieces.

Inventory:

Hand Weapons
 a - a +1 falchion (weapon)
Armour
 b - a +0 leather armour (worn)
 d - a +0 ring mail
Jewellery
 g - a cursed ring of ice (left hand)
Scrolls
 e - a scroll of identify {unknown}
Potions
 f - a potion of haste {unknown}
 h - a potion of curing {unknown}
Comestibles
 c - a ration


   Skills:
 + Level 3.0 Fighting
 + Level 1.7 Long Blades
 + Level 1.7 Armour
 + Level 0.8 Dodging
 + Level 2.4 Invocations


You couldn't memorise any spells.
You didn't know any spells.
Your spell library was empty.

Dungeon Overview and Level Annotations

Branches:
Dungeon (0/15)

Altars:


Message History

A chaos spawn comes into view.
The chaos spawn shouts!
A tentacled starspawn comes into view.
A flying skull comes into view.
The flying skull gives a hideous shriek!
Found a sedimented cyan potion.
Found 2 bubbling cyan potions.
Tentacles burst from the starspawn's body!
Found a gateway leading deeper into the Abyss. 2 starspawn tentacles come into view.
The starspawn tentacle grabs you. The starspawn tentacle constricts you.
You escape the starspawn tentacle's grasp.
You see here a sedimented cyan potion.
The flying skull hits you!
Ouch! That really hurt!
* * * LOW HITPOINT WARNING * * *
A tentacle flies out from the starspawn's body!
A starspawn tentacle comes into view.
The flying skull hits you!
You die...

.##..##..##/.##..##. ≈≈
..........w.......... ≈≈
... .....│.... ....§≈ ≈
#..##..##..##..##.§##≈
.##..##..##.4##..##..#≈≈
.........!Xw....... .. .
...........w.........≈≈.
##..##.z##..##..##≈≈≈ ≈
#. #@.# ..##..##≈≈≈≈≈
.......>....... ....≈≈..
.##..##..##..##..## ≈# .
#. #..##..# .. #.♣## ..
.... .... ≈≈≈≈... ..
..... . ≈ ≈.. .. . #..##
.≈ ## #..# ≈ .. #. ≈≈. .
.


You could see a tentacled starspawn, a chaos spawn, a starspawn tentacle and a
flying skull.

Vanquished Creatures (others)
  A starspawn tentacle (Abyss:1)
1 creature vanquished.

Notes
Turn   | Place    | Note
-------+----------+-------------------------------------------
     0 | Abyss:1  | thirtiethelement the Demonspawn Abyssal Knight began the
                  | quest for the Orb.
     0 | Abyss:1  | Reached XP level 1. HP: 18/18 MP: 2/2
    64 | Abyss:1  | Noticed an earth elemental
    89 | Abyss:1  | Noticed a large abomination
    99 | Abyss:1  | Found a shimmering blue altar of Sif Muna.
   168 | Abyss:1  | Noticed a chaos spawn
   172 | Abyss:1  | Noticed a tentacled starspawn
   173 | Abyss:1  | Noticed a flying skull
   187 | Abyss:1  | Slain by a flying skull

Illustrated notes

Levels and vault maps discovered:
Abyss:1

Table legend:
 A = Non-vault XP
 B = Vault XP
 C = Vault XP percentage of total XP
 D = Non-vault monster count
 E = Vault monster count
 F = Vault count percentage of total count
                 A         B        C        D         E       F
            +---------+---------+-------+---------+---------+-------
      Total |       0 |       0 |   N/A |       0 |       0 |  -nan
            +---------+---------+-------+---------+---------+-------
            +---------+---------+-------+---------+---------+-------
